 Dungeon Crawl Stone Soup version 0.29-a0-330-g52719c12eb (webtiles) character file.

Game seed: 10710752406636595026

99 zxcv the Ruffian (level 4, -4/36 HPs)
             Began as a Draconian Transmuter on May 20, 2022.
             Was an Initiate of Nemelex Xobeh.
             Killed by divine providence
             ... invoked by an orc priest
              (10 damage)
             ... on level 3 of the Dungeon.
             The game lasted 00:03:35 (1867 turns).

zxcv the Ruffian (Draconian Transmuter)             Turns: 1867, Time: 00:03:36

Health: -4/36      AC:  5    Str: 14    XL:     4   Next: 45%
Magic:  5/7        EV: 12    Int: 13    God:    Nemelex Xobeh [......]
Gold:   172        SH:  0    Dex: 12    Spells: 4/7 levels left

rFire   . . .      SeeInvis .     - Unarmed
rCold   . . .      Faith    .   (no shield)
rNeg    . . .      Spirit   .   (body armour unavailable)
rPois   .          Reflect  .   (helmet restricted)
rElec   .          Harm     .   (no cloak)
rCorr   .          Rampage  .   (no gloves)
Will    .....                   (no boots)
Stlth   +.........              (no amulet)
HPRegen 0.12/turn               (no ring)
MPRegen 0.10/turn               (no ring)

@: wereblooded (expiring)
A: AC +5, unfitting armour, cold-blooded
a: Renounce Religion, Draw Escape, Draw Destruction, Draw Summoning


You were on level 3 of the Dungeon.
You worshipped Nemelex Xobeh.
Nemelex Xobeh was noncommittal.
You visited 1 branch of the dungeon, and saw 3 of its levels.

You collected 172 gold pieces.

Inventory:

Jewellery
 n - a +4 ring of protection
Scrolls
 c - a scroll of enchant armour {unknown}
 d - 3 scrolls of identify {unknown}
 f - a scroll of blinking {unknown}
 j - a scroll of teleportation {unknown}
 k - a scroll of torment {unknown}
 l - a scroll of noise {unknown}
 m - a scroll of amnesia {unknown}
Potions
 a - a potion of lignification
 b - 2 potions of attraction {unknown}
 e - 3 potions of might {unknown}
 g - a potion of brilliance {unknown}
 h - a potion of haste {unknown}
 i - 2 potions of curing {unknown}


   Skills:
 - Level 1.7 Fighting
 * Level 2.3 Dodging
 * Level 3.9 Unarmed Combat
 - Level 2.3 Spellcasting
 * Level 3.1 Transmutations


You had 4 spell levels left.
You knew the following spells:

 Your Spells              Type           Power      Damage    Failure   Level
a - Beastly Appendage     Tmut           18%        N/A       7%          1
b - Wereblood             Tmut           9%         N/A       11%         2

Your spell library contained the following spells:

 Spells                   Type           Power      Damage    Failure   Level
 Spider Form              Tmut/Pois      5%         N/A       36%         3
 Gell's Gravitas          Tloc           1%         N/A       58%         3
 Lesser Beckoning         Tloc           1%         N/A       58%         3
 Teleport Other           Tloc           1%         N/A       58%         3
 Ice Form                 Ice/Tmut       5%         N/A       78%         4


Dungeon Overview and Level Annotations

Branches:
Dungeon (3/15)

Altars:
Nemelex Xobeh


Innate Abilities, Weirdness & Mutations

Your plain brown scales are hard. (AC +5)
You cannot fit into any form of body armour.
You are cold-blooded and may be slowed by cold attacks.


Message History

You feel a bit better.
You kill the orc!
You howl as the wereblood boils in your veins!
The orc wizard closely misses you.
Your Transmutations skill increases to level 3!
You bump into the rock wall.
You feel less confused. The orc wizard casts a spell at you.
The puff of flame hits you.
You hit the orc wizard. You claw the orc wizard. You tail-slap the orc wizard.
The orc wizard is severely wounded.
The orc wizard barely misses you.
You hit the orc wizard. Your kick misses the orc wizard.
Your tail-slap misses the orc wizard.
The orc wizard is almost dead.
You howl as the wereblood boils in your veins!
Your horns disappear.
Your talons disappear.
The orc wizard hits you with a +0 dagger.
You barely miss the orc wizard.
The orc wizard is almost dead.
The orc wizard hits you with a +0 dagger.
* * * LOW HITPOINT WARNING * * *
You hit the orc wizard.
You feel a bit better.
You kill the orc wizard!
The orc priest casts a cantrip, but nothing happens.
Things that are here:
a +0 dagger; a +0 robe; an orc corpse The orc priest hits you with a +0 hand axe.
* * * LOW HITPOINT WARNING * * *
You see here a +0 dagger.
You closely miss the orc priest.
The orc priest hits you with a +0 hand axe.
* * * LOW HITPOINT WARNING * * *
You hit the orc priest.
The orc priest is moderately wounded.
Your primal bloodlust is almost over.
The orc priest calls down the wrath of Beogh upon you.
Beogh smites you!
You die...
Your body disappears without a glow.

.......................
....).......##########.
..!............#.......
#####.......##.#.#####.
#.......# #.######
#.......# #.......
#.).....##.#######.
##.####)###.#...........
.......@..#>#.#.........
.......o#.#.# #########.
......#.#.# #########.
###...#.# # #.......#.
##..#.# #.#####.#. #.
#.# .......).. #. #.#
..#####.#. #.# #.#. #...


You could see an orc priest.

Vanquished Creatures
  An orc wizard (D:3)
  A worm (D:2)
  A dart slug (D:2)
  2 orcs (D:3)
  5 ball pythons
  4 bats
  6 endoplasms
  6 goblins
  9 hobgoblins
  7 jackals
  6 kobolds
  4 quokkas
  4 frilled lizards
  A rat (D:2)
57 creatures vanquished.

Notes
Turn   | Place    | Note
-------+----------+-------------------------------------------
     0 | D:1      | zxcv the Draconian Transmuter began the quest for the Orb.
     0 | D:1      | Reached XP level 1. HP: 16/16 MP: 3/3
   166 | D:1      | Reached XP level 2. HP: 19/23 MP: 3/5
   821 | D:1      | Learned a level 2 spell: Wereblood
   892 | D:2      | Reached XP level 3. HP: 28/28 MP: 3/6
  1609 | D:2      | Found a sparkling altar of Nemelex Xobeh.
  1622 | D:2      | Became a worshipper of Nemelex Xobeh the Trickster
  1652 | D:2      | Found a faded altar of an unknown god.
  1729 | D:3      | Reached XP level 4. HP: 36/36 MP: 3/7
  1867 | D:3      | Killed from afar by an orc priest

Illustrated notes

Levels and vault maps discovered:
D:1:      dpeg_arrival_tiny_a, layout_loops_cross
D:2:      cheibrodos_greedy_goblins, layout_rooms, basic_altar,
          shapermc_ecumenical_altar_pompeii
D:3:      layout_basic, serial_shops, shop, nicolae_shop_window_shopping,
          nicolae_shop_crystal, shop_statue, shop_statue

Skill      XL: |  1  2  3  4 |
---------------+-------------+-----
Dodging        | 2 |  2.3
Transmutations | 3 |  3.1
Fighting       | |  1.7
Unarmed Combat | |  3.9
Spellcasting   | |  2.3

Action                   |  1- 3 |  4- 6 || total
-------------------------+-------+-------++-------
Melee: Unarmed           |   144 |    16 ||   160
       Headbutt          |     7 |     1 ||     8
       Kick              |    17 |     2 ||    19
       Tailslap          |     9 |     1 ||    10
       Punch             |     3 |       ||     3
 Cast: Beastly Appendage |    22 |     1 ||    23
       Wereblood         |    12 |     1 ||    13
Armor: Skin              |    58 |     1 ||    59
Dodge: Dodged            |   112 |     7 ||   119

Table legend: (Time is in decaauts)
 A = Elapsed time spent in this place.
 B = Non-inter-level travel time spent in this place.
 C = Inter-level travel time spent in this place.
 D = Time resting spent in this place.
 E = Time spent auto-exploring this place.
 F = Levels seen in this place.
 G = Mean time per level.
                   A        B        C        D        E       F      G
               +--------+--------+--------+--------+--------+-----+--------+
         Total |   1864 |   1800 |     64 |     88 |   1305 |   3 |  621.3 |
       Dungeon |   1864 |   1800 |     64 |     88 |   1305 |   3 |  621.3 |
               +--------+--------+--------+--------+--------+-----+--------+

Top non-repeatable levels by time:
     D:2: 902 daAuts
     D:1: 797 daAuts
     D:3: 164 daAuts
